 Dungeon Crawl Stone Soup version 0.30-a0-949-g53dc5368d7 (webtiles) character file.

Game seed: 8298806538134241742

34 DeathPants the Twirler (level 3, 0/27 HPs)
             Began as a Vine Stalker Gladiator on Mar 27, 2023.
             Slain by Robin
             ... wielding a +0 mace
              (3 damage)
             ... on level 2 of the Dungeon.
             The game lasted 00:02:06 (775 turns).

DeathPants the Twirler (Vine Stalker Gladiator)      Turns: 775, Time: 00:02:07

Health: 0/27       AC:  4    Str: 16    XL:     3   Next: 31%
Magic:  0/5        EV: 12    Int: 10    God:
Gold:   69         SH:  0    Dex: 15    Spells: 4/4 levels left

rFire   . . .      SeeInvis .    a - +0 quarterstaff
rCold   . . .      Faith    .    (shield currently unavailable)
rNeg    . . .      Spirit   +    b - +0 leather armour
rPois   .          Reflect  .    c - +0 helmet
rElec   .          Rampage  .    (no cloak)
rCorr   +                        (no gloves)
Will    .....                    (no boots) Stlth
                                 (no amulet)
HPRegen 0.24/turn                f - ring of resist corrosion
MPRegen 0.09/turn                (no ring)

@: berserking, very quick
A: fangs 2, magic shield, antimagic bite, no potion heal 2
a: no special abilities


You were on level 2 of the Dungeon.
You visited 1 branch of the dungeon, and saw 2 of its levels.

You collected 69 gold pieces.

Inventory:

Hand Weapons
 a - a +0 quarterstaff (weapon)
Missiles
 d - 3 throwing nets (quivered)
 e - a javelin
Armour
 b - a +0 leather armour (worn)
 c - a +0 helmet (worn)
Jewellery
 f - a ring of resist corrosion (left hand)
Potions
 h - a potion of curing
 j - a potion of heal wounds {unknown}


   Skills:
 + Level 2.1 Fighting
 * Level 3.2 Staves
 - Level 1.7 Throwing
 + Level 2.6 Dodging
 + Level 1.1 Spellcasting


You had 4 spell levels left.
You didn't know any spells.
Your spell library was empty.

Dungeon Overview and Level Annotations

Branches:
Dungeon (2/15)

Altars:

Annotations:
D:2 Robin


Innate Abilities, Weirdness & Mutations

You have extremely sharp teeth.
When hurt, damage is shared between your health and your magic reserves.
Your bite disrupts and absorbs the magic of your enemies.
Potions cannot restore your health.


Message History

Robin throws the goblin at you! The hobgoblin misses you.
The goblin hits you with a +0 dagger.
You barely miss the goblin. You bite the goblin. You drain its power.
You feel invigorated.
The goblin is moderately wounded.
The hobgoblin closely misses you. Robin throws the goblin at you!
The goblin barely misses you. The goblin hits you with a +0 dagger.
You sock the goblin!
You kill the goblin!
The hobgoblin closely misses you. The goblin barely misses you.
Robin throws the goblin at you!
The goblin hits you with a +0 dagger. x2
* * * LOW HITPOINT WARNING * * *
Things that are here:
a +0 dagger; a +0 sling; a goblin corpse You sock the goblin!
You kill the goblin!
The goblin hits you with a +0 dagger.
* * * LOW HITPOINT WARNING * * *
Robin throws the goblin at you! The hobgoblin hits you.
* * * LOW HITPOINT WARNING * * *
You aren't carrying any scrolls.
It was a potion of berserk rage.
A red film seems to cover your vision as you go berserk!
You feel yourself moving faster!
You feel mighty! The goblin closely misses you.
The goblin hits you but does no damage. Robin throws the goblin at you!
The hobgoblin hits you.
* * * LOW HITPOINT WARNING * * *
The goblin closely misses you.
You barely miss the hobgoblin. You bite the hobgoblin.
You kill the hobgoblin!
The goblin misses you. The goblin closely misses you. The goblin misses you.
You sock the hobgoblin!
You kill the hobgoblin!
The goblin hits you but does no damage. The goblin closely misses you.
The goblin hits you with a +0 dagger.
* * * LOW HITPOINT WARNING * * *
You hit Robin.
Robin is moderately wounded.
The goblin closely misses you. Robin hits you with a +0 mace.
You die...

######### ........#
...##.. ........#
....... ......<.#
##### .......
........# #...#
......?
........###...#
g......
..............#
.......
##......###)..####g..#
#.......# #....g@g#
.###..### #....gg.# #
##. ##.#....# ##
#[........ #
#........... #.
#...#....###.. .. ####
..#.#....# . .. ...#
###.......# .. .... ..


You could see Robin, a hobgoblin and 3 goblins.

Vanquished Creatures
  An endoplasm (D:1)
  3 giant cockroaches
  6 hobgoblins
  6 jackals (D:1)
  2 ball pythons (D:1)
  A bat (D:1)
  6 goblins
  2 kobolds
  A rat (D:1)
28 creatures vanquished.

Vanquished Creatures (others)
  A withered plant (D:1)
1 creature vanquished.

Grand Total: 29 creatures vanquished

Notes
Turn   | Place    | Note
-------+----------+-------------------------------------------
     0 | D:1      | DeathPants the Vine Stalker Gladiator began the quest for
                  | the Orb.
     0 | D:1      | Reached XP level 1. HP: 11/11 MP: 2/2
    36 | D:2      | Noticed an ogre
   136 | D:1      | Reached XP level 2. HP: 9/15 MP: 3/3
   166 | D:1      | Found a faded altar of an unknown god.
   287 | D:1      | Reached skill level 3 in Staves
   571 | D:1      | Reached XP level 3. HP: 18/18 MP: 5/5
   759 | D:2      | Noticed Robin
   764 | D:2      | Reached skill level 1 in Spellcasting
   775 | D:2      | Slain by Robin

Illustrated notes

Levels and vault maps discovered:
D:1:      heliophobic_arrival_battle_scene, layout_loops_ring,
          ebering_ecumenical_altar_petrified, minmay_misc_feat_encased
D:2:      layout_rooms, serial_shops, shop, basic_altar, amethyst_killhole,
          minmay_misc_feat_pillars, minmay_tree_intersection, kennysheep_path_1,
          uniq_robin, uniq_crazy_yiuf_cottage

Skill      XL: |  1  2  3 |
---------------+----------+-----
Fighting       | 2 |  2.1
Staves         | 3 |  3.2
Spellcasting   | 1 |  1.1
Throwing       | |  1.7
Dodging        | |  2.6

Action                     || total
---------------------------++-------
  Melee: Quarterstaff      ||    72
         Bite              ||    16
    Use: Scroll            ||     1
         Potion            ||     1
   Stab: Sleeping          ||     2
 Armour: Leather armour    ||    19
  Dodge: Dodged            ||    55

Table legend: (Time is in decaauts)
 A = Elapsed time spent in this place.
 B = Non-inter-level travel time spent in this place.
 C = Inter-level travel time spent in this place.
 D = Time resting spent in this place.
 E = Time spent auto-exploring this place.
 F = Levels seen in this place.
 G = Mean time per level.
                   A        B        C        D        E       F      G
               +--------+--------+--------+--------+--------+-----+--------+
         Total |    786 |    760 |     26 |      0 |    560 |   2 |  393.0 |
       Dungeon |    786 |    760 |     26 |      0 |    560 |   2 |  393.0 |
               +--------+--------+--------+--------+--------+-----+--------+

Top non-repeatable levels by time:
     D:1: 744 daAuts
     D:2: 42 daAuts
